 Dungeon Crawl Stone Soup version 0.30-a0-989-g0d87f670db (webtiles) character file.

Game seed: 17120849229535765347

6169 mopl the Skirmisher (level 10, -2/63 HPs)
             Began as an Octopode Hexslinger on Apr 1, 2023.
             Was a Priest of Fedhas.
             Slain by an elephant (14 damage)
             ... on level 9 of the Dungeon on Apr 2, 2023.
             The game lasted 00:15:11 (7949 turns).

mopl the Skirmisher (Octopode Hexslinger)           Turns: 7949, Time: 00:15:12

Health: -2/63      AC:  1    Str: 10      XL:     10   Next: 90%
Magic:  22/23      EV: 15    Int: 14 (15) God:    Fedhas [***...]
Gold:   445        SH:  0    Dex: 17      Spells: 4/15 levels left

rFire   . . .      SeeInvis +    b - +2 dagger (venom)
rCold   . . .      Faith    .    (no shield)
rNeg    . . .      Spirit   .    (helmet restricted)
rPois   +          Reflect  .    f - amulet of regeneration
rElec   .          Rampage  .    j - ring of see invisible
rCorr   .                        r - ring of poison resistance
Will    .....                    J - ring of magical power
Stlth   +++                      E - +4 ring of slaying
HPRegen 1.10/turn                (no ring)
MPRegen 0.18/turn                (no ring)
                                 (no ring)
                                 (no ring)

@: no status effects
A: almost no armour, amphibious, 8 rings, camouflage 1, gelatinous body 1,
(nimble swimmer 1), tentacles
a: Renounce Religion, Wall of Briars, Grow Ballistomycete


You were on level 9 of the Dungeon.
You worshipped Fedhas.
Fedhas was most pleased with you.
You visited 2 branches of the dungeon, and saw 10 of its levels.

You collected 445 gold pieces.

Inventory:

Hand Weapons
 a - a +1 sling
 b - a +2 dagger of venom (weapon)
 x - the +4 falchion of Abomination {protect, rPois rN+ Dex-2}
   (You found it on level 4 of the Dungeon)

   Dex:       It affects your dexterity (-2).
   rPois:     It protects you from poison.
   rN:        It protects you from negative energy.
 O - a +0 heavy sling
 P - a +0 arbalest
Missiles
 l - 29 poisoned darts
 M - 2 boomerangs
 N - a curare-tipped dart
Armour
 v - an orb of guile
Magical Staves
 c - a staff of death
Jewellery
 f - an amulet of regeneration (around mantle)
 j - a ring of see invisible (left tentacle)
 r - a ring of poison resistance (right tentacle)
 y - a ring of ice
 E - a +4 ring of slaying (on tentacle)
 J - a ring of magical power (on tentacle)
Wands
 o - a wand of flame (32)
 D - a wand of roots (20)
Scrolls
 d - 6 scrolls of teleportation
 e - 3 scrolls of immolation {unknown}
 g - a scroll of poison
 h - 4 scrolls of identify {unknown}
 m - 4 scrolls of torment {unknown}
 p - a scroll of enchant armour {unknown}
 s - 2 scrolls of magic mapping {unknown}
 t - a scroll of butterflies {unknown}
 u - 4 scrolls of amnesia {unknown}
 A - 2 scrolls of noise {unknown}
 B - 2 scrolls of enchant weapon {unknown}
 C - a scroll of brand weapon {unknown}
 G - a scroll of fog {unknown}
 I - a scroll of acquirement {unknown}
 L - a scroll of silence {unknown}
Potions
 i - 4 potions of mutation {unknown}
 k - a potion of experience {unknown}
 n - 2 potions of brilliance {unknown}
 q - a potion of flight {unknown}
 w - 5 potions of curing {unknown}
 z - a potion of might {unknown}
 F - a potion of degeneration {unknown}
 H - a potion of lignification {unknown}
 K - a potion of resistance {unknown}


   Skills:
 + Level 3.8 Fighting
 * Level 11.4 Ranged Weapons
 + Level 4.2 Dodging
 - Level 3.0 Spellcasting
 + Level 8.4 Hexes
 + Level 6.1 Invocations


You had 4 spell levels left.
You knew the following spells:

 Your Spells              Type           Power      Damage    Failure   Level
a - Slow                  Hex            100%       N/A       1%          1
b - Inner Flame           Hex/Fire       13%        N/A       12%         3
c - Portal Projectile     Hex/Tloc       26%        N/A       12%         3
f - Cause Fear            Hex            12%        N/A       7%          4

Your spell library contained the following spells:

 Spells                   Type           Power      Damage    Failure   Level
 Confusing Touch          Hex            25%        N/A       1%          3
 Vampiric Draining        Necr           2%         2d6       54%         3
 Summon Lightning Spire   Summ/Air       2%         N/A       91%         4
 Storm Form               Tmut/Air       1%         N/A       100%        7
 Maxwell's Capacitive Co  Air            1%         ∞         100%        8


Dungeon Overview and Level Annotations

Branches:
Dungeon (9/15)             Temple (1/1) D:5
   Lair: D:8-11         Orc: D:9-12

Altars:
Ashenzari
Cheibriados
Dithmenos
Elyvilon
Fedhas
Gozag
Hepliaklqana
Kikubaaqudgha
Makhleb
Nemelex Xobeh
Okawaru
Qazlal
Ru
Sif Muna
Trog
Uskayaw
Vehumet
Wu Jian
Xom
Yredelemnul
Zin
The Shining One

Annotations:
D:7 2 transporters, nago's ghost, novice BaAE
D:9 exclusion: obsidian statue


Innate Abilities, Weirdness & Mutations

You cannot wear most types of armour.
You are amphibious.
You can wear up to eight rings at the same time.
Your skin changes colour to match your surroundings (Stealth+).
Your rubbery body absorbs attacks. (AC +1, EV +1)
((You are camouflaged when in or above water. (Stealth+)))
You have tentacles for arms and can constrict up to eight enemies at once.


Message History

You kill the howler monkey!
Fedhas appreciates your contribution to the ecosystem.
Found a scroll labelled OTIFOL OFE.
A centaur comes into view.
The centaur wields a +0 shortbow.
The centaur shoots an arrow.
The arrow hits you!
The centaur moves out of view.
The centaur unwields a +0 shortbow.
The centaur closely misses you. The centaur misses you.
Casting: Slow (safe; 1% risk of failure)
Confirm with . or Enter, or press ? or * to list all spells.
Aiming: Slow (safe; 1% risk of failure)
Press: ? - help, Shift-Dir - straight line, f - troll
Aim: a troll (chance to affect: 56%)
The troll seems to slow down.
The centaur closely misses you.
The centaur misses you. x2; The centaur kicks you.
Unknown command.
Casting: Slow (safe; 1% risk of failure)
Confirm with . or Enter, or press ? or * to list all spells.
Aiming: Slow (safe; 1% risk of failure)
Press: ? - help, Shift-Dir - straight line, f/p - troll
Aim: a troll (slow, chance to affect: 56%)
The troll seems to slow down.
The centaur hits you. The centaur kicks you.
* * * LOW HITPOINT WARNING * * *
You hit the centaur.
The centaur is poisoned.
The centaur is lightly wounded.
The centaur completely misses you. The centaur kicks you.
* * * LOW HITPOINT WARNING * * *
The centaur misses you. The centaur closely misses you.
You puncture the centaur!
The centaur looks as sick as possible!
The centaur is heavily wounded.
The centaur barely misses you. The centaur closely misses you.
The centaur barely misses you. The centaur kicks you.
The centaur wields a +0 shortbow.
The centaur shoots an arrow.
The arrow hits you!
* * * LOW HITPOINT WARNING * * *
You kill the centaur!
Fedhas appreciates your contribution to the ecosystem.
The elephant tramples you!
You die...
Fedhas appreciates your contribution to the ecosystem.

........##.###..#.##...#.#
# #....Yh.....######.# #
######+#..#.###.#..# #
#.......#.#.#..# #
#.......#.#.#..#######
#....#.........##.....
###....##.#.##...##.####
..........#.#...###.###
..#...@###>..#.......#
..##.Y..###.########## #.
..##.#..##.. ##.#
....##T.##.#
.##...##.#..##..#.#
........?##...)...#
.....#..##.#....#
....##....##...#
#††##.#..##..#


You could see an elephant and a troll (slow).

Vanquished Creatures
  Grinder (D:3)
  Sigmund (D:2)
  8 yaks
  A basilisk (D:9)
  A steam dragon (D:6)
  Menkaure (D:4)
  Edmund (D:5)
  2 water moccasins (D:8)
  4 orc warriors
  4 ice beasts
  A sky beast (D:7)
  4 ogres
  2 centaurs (D:9)
  2 phantoms
  2 kobold brigands (D:9)
  5 scorpions
  15 wights
  7 howler monkeys (D:9)
  3 jellies
  9 orc priests
  4 hounds
  An iguana (D:6)
  8 orc wizards
  Robin (D:2)
  6 gnolls
  13 adders
  2 shadow imps
  A white imp (D:6)
  2 worms
  2 dart slugs
  44 orcs
  7 endoplasms
  6 giant cockroaches
  16 goblins
  7 hobgoblins
  14 kobolds
  4 quokkas
  2 ball pythons
  7 bats
  5 frilled lizards
  A goblin skeleton (D:6)
  4 hobgoblin zombies (D:6)
  A kobold skeleton (D:6)
  2 kobold zombies (D:6)
  An orc zombie (D:6)
  7 rats
242 creatures vanquished.

Vanquished Creatures (others)
  A fungus (D:9)
  5 plants (D:5)
6 creatures vanquished.

Grand Total: 248 creatures vanquished

Notes
Turn   | Place    | Note
-------+----------+-------------------------------------------
     0 | D:1      | mopl the Octopode Hexslinger began the quest for the Orb.
     0 | D:1      | Reached XP level 1. HP: 13/13 MP: 2/2
    66 | D:1      | Reached XP level 2. HP: 5/18 MP: 3/3
   398 | D:1      | Reached XP level 3. HP: 23/23 MP: 5/5
   616 | D:1      | Reached skill level 3 in Ranged Weapons
   856 | D:1      | Reached XP level 4. HP: 28/28 MP: 4/6
   947 | D:2      | Noticed Sigmund
   966 | D:2      | Killed Sigmund
   967 | D:2      | Reached skill level 4 in Ranged Weapons
   967 | D:2      | Reached skill level 2 in Spellcasting
   967 | D:2      | Reached skill level 4 in Hexes
   967 | D:2      | Reached XP level 5. HP: 33/33 MP: 3/8
   972 | D:2      | Learned a level 3 spell: Inner Flame
   976 | D:2      | Learned a level 3 spell: Portal Projectile
  1008 | D:2      | Reached XP level 6. HP: 29/38 MP: 7/9
  1368 | D:2      | Noticed Robin
  1380 | D:2      | Killed Robin
  2251 | D:3      | Noticed Grinder
  2253 | D:3      | Paralysed by Grinder for 2 turns
  2264 | D:3      | Killed Grinder
  2265 | D:3      | Reached skill level 5 in Ranged Weapons
  2265 | D:3      | Reached skill level 3 in Spellcasting
  2265 | D:3      | Reached XP level 7. HP: 15/43 MP: 11/11
  2299 | D:3      | Learned a level 4 spell: Cause Fear
  2411 | D:3      | Found a sacrificial altar of Ru.
  2578 | D:4      | Noticed Menkaure
  2590 | D:4      | Killed Menkaure
  2591 | D:4      | Reached skill level 6 in Ranged Weapons
  2768 | D:4      | Reached skill level 5 in Hexes
  2995 | D:4      | Upgraded the game from 0.30-a0-986-g7f2e898f52 to
                  | 0.30-a0-989-g0d87f670db
  3015 | D:4      | Reached skill level 7 in Ranged Weapons
  3015 | D:4      | Reached XP level 8. HP: 20/48 MP: 12/12
  3053 | D:4      | Identified the +4 falchion of Abomination {protect, rPois
                  | rN+ Dex-2}
  3731 | D:5      | Entered Level 5 of the Dungeon
  3947 | D:5      | Found a staircase to the Ecumenical Temple.
  3952 | Temple   | Entered the Ecumenical Temple
  4166 | D:5      | Reached skill level 6 in Hexes
  4191 | D:5      | Found a blossoming altar of Fedhas.
  4230 | D:5      | Became a worshipper of Fedhas Madash
  4288 | D:5      | Reached skill level 8 in Ranged Weapons
  4298 | D:5      | Reached skill level 1 in Invocations
  4311 | D:5      | Noticed Edmund
  4327 | D:5      | Killed Edmund
  4395 | D:5      | Found an opulent altar of Gozag.
  4536 | D:5      | Reached skill level 2 in Invocations
  4576 | D:5      | Found a shadowy altar of Dithmenos.
  4814 | D:5      | Reached XP level 9. HP: 27/53 MP: 13/13
  4838 | D:5      | Found the +1 Delatra's gloves {ID++}
  4909 | D:5      | Found an iron altar of Okawaru.
  4952 | D:6      | Found a broken altar of Ashenzari.
  4976 | D:6      | Reached skill level 9 in Ranged Weapons
  4976 | D:6      | Reached skill level 3 in Invocations
  5036 | D:6      | Reached * piety under Fedhas
  5107 | D:6      | Found a sparkling altar of Nemelex Xobeh.
  5275 | D:6      | Found a glowing golden altar of the Shining One.
  5279 | D:6      | Reached skill level 7 in Hexes
  5461 | D:6      | Found an ornate altar of the Wu Jian Council.
  5465 | D:6      | Found a burning altar of Makhleb.
  5468 | D:6      | Found a stormy altar of Qazlal.
  5527 | D:7      | Found a transporter.
  5528 | D:7      | Found a transporter.
  5528 | D:7      | Noticed nago's ghost (novice BaAE)
  5532 | D:7      | Noticed a cyclops
  5660 | D:7      | Reached ** piety under Fedhas
  5661 | D:7      | Reached skill level 4 in Invocations
  5867 | D:7      | Reached skill level 10 in Ranged Weapons
  6200 | D:7      | Reached XP level 10. HP: 28/60 MP: 14/14
  6207 | D:7      | Reached skill level 2 in Fighting
  6497 | D:7      | Reached skill level 5 in Invocations
  6615 | D:8      | Reached skill level 3 in Dodging
  6927 | D:8      | Reached skill level 8 in Hexes
  6989 | D:8      | Reached *** piety under Fedhas
  7243 | D:9      | Reached skill level 3 in Fighting
  7288 | D:8      | Reached skill level 11 in Ranged Weapons
  7558 | D:9      | Noticed an obsidian statue
  7759 | D:9      | Reached skill level 4 in Dodging
  7896 | D:9      | Noticed an elephant
  7910 | D:9      | Reached skill level 6 in Invocations
  7949 | D:9      | Slain by an elephant

Illustrated notes

Levels and vault maps discovered:
D:1:      onia_arrival_handbag, layout_loops_cross
D:2:      layout_loops_ring, serial_co_window_serial, co_window_paths_a,
          co_window_paths_b, co_window_corner_a, co_window_corner_a,
          co_window_of_opportunity_a, co_window_unsneaky_path_d,
          co_window_broadway_b, co_window_corner_ca, co_window_broadway_a,
          co_window_2corner, co_window_corner_b, co_window_corner_ca,
          glass_columns_a, glass_columns_c, corexii_item_surrounded_by_moat,
          serial_park_tiny_pond, uniq_robin, uniq_sigmund
D:3:      layout_loops_ring, mainiacjoe_overflow_concentric_impassable,
          st_stairs_14, uniq_grinder
D:4:      layout_loops_corners, uniq_menkaure
D:5:      layout_gridville, mainiacjoe_overflow_alcove_2,
          nicolae_dithmenos_through_a_glass_darkly, amcnicky_altar_gilded,
          nicolae_gozag_cash_rules_everything_around_me,
          minmay_temple_entry_arrows, minivault_1, serial_bayou_lagoon_a,
          pf_guarded_unrand_delatra, uniq_edmund
D:6:      layout_cave_pools, ashenzari_conservatory_becter,
          nemelex_dance_club_becter, nicolae_tso_besieged_by_evil,
          minmay_overflow_temple_star_quad
D:7:      layout_gridville, gammafunk_ghost_arena, minmay_increasing_density
D:8:      layout_loops_ring
D:9:      layout_basic, david_lair_generic, serial_shops, nicolae_shop_stone,
          minivault_20, minivault_16, kennysheep_path_1, kennysheep_nondescript,
          minivault_21, nicolae_wwwww, uniq_maurice
Temple:   chequers_temple_sunken

Skill      XL: |  1  2  3  4  5  6  7  8  9 10 |
---------------+-------------------------------+-----
Ranged Weapons | 3 4 5 7 8 10 11 | 11.4
Spellcasting   | 2 3 |  3.0
Hexes          | 4 5 6 7 8 |  8.4
Invocations    | 2 4 6 |  6.1
Fighting       | 3 |  3.8
Dodging        | 4 |  4.2

Action                     |  1- 3 |  4- 6 |  7- 9 | 10-12 || total
---------------------------+-------+-------+-------+-------++-------
  Melee: Dagger            |     1 |    21 |   141 |    66 ||   229
         Tentacles         |       |     6 |    46 |    20 ||    72
         Constrict         |       |     5 |    38 |    13 ||    56
         Punch             |       |     1 |     5 |     3 ||     9
   Fire: Sling             |   109 |   127 |   297 |   169 ||   702
   Cast: Slow              |     4 |     5 |    33 |     7 ||    49
  Evoke: Wand              |       |       |       |     2 ||     2
    Use: Scroll            |       |       |       |     1 ||     1
   Stab: Sleeping          |       |       |     1 |       ||     1
 Armour: Skin              |     3 |     2 |    11 |     3 ||    19
  Dodge: Dodged            |    45 |    30 |   110 |    87 ||   272

Table legend: (Time is in decaauts)
 A = Elapsed time spent in this place.
 B = Non-inter-level travel time spent in this place.
 C = Inter-level travel time spent in this place.
 D = Time resting spent in this place.
 E = Time spent auto-exploring this place.
 F = Levels seen in this place.
 G = Mean time per level.
                   A        B        C        D        E       F      G
               +--------+--------+--------+--------+--------+-----+--------+
         Total |   7934 |   7605 |    329 |    360 |   5234 |  10 |  793.4 |
       Dungeon |   7730 |   7438 |    292 |    360 |   5078 |   9 |  858.9 |
        Temple |    203 |    166 |     37 |      0 |    156 |   1 |  203.0 |
               +--------+--------+--------+--------+--------+-----+--------+

Top non-repeatable levels by time:
     D:2: 1154 daAuts
     D:4: 1130 daAuts
     D:5: 984 daAuts
     D:7: 946 daAuts
     D:8: 892 daAuts
     D:1: 808 daAuts
     D:3: 680 daAuts
     D:6: 613 daAuts
     D:9: 519 daAuts
  Temple: 203 daAuts
